 Dungeon Crawl Stone Soup version 0.32-a0-43-g058985b245 (webtiles) character file.

Game seed: 9388856870488075171

7641 drugrobin the Basher (level 10, 0/80 HPs)
             Began as a Demigod Delver on Feb 4, 2024.
             Slain by a vampire mosquito (9 damage)
             ... on level 9 of the Dungeon.
             The game lasted 00:23:23 (12681 turns).

drugrobin the Basher (Demigod Delver)              Turns: 12681, Time: 00:23:23

Health: 0/80       AC: 12    Str: 25    XL:     10   Next: 67%
Magic:  13/13      EV:  7    Int: 12    God:
Gold:   524        SH:  5    Dex: 15    Spells: 7/9 levels left

rFire   . . .        a - +2 whip (elec)
rCold   + . .        t - +0 buckler
rNeg    . . .        z - +0 plate armour
rPois   .            (no helmet)
rElec   .            l - +0 cloak
rCorr   .            (no gloves)
SInv    .            i - +0 pair of boots
Will    +....        (no amulet) Stlth
                     n - ring of protection from cold
HPRegen 0.33/turn    (no ring)
MPRegen 0.13/turn

%: no passive effects
@: no status effects
A: high MP 1, forlorn, divine attributes
a: no special abilities


You were on level 9 of the Dungeon.
You visited 2 branches of the dungeon, and saw 11 of its levels.

You collected 524 gold pieces.

Inventory:

Hand Weapons
 a - a +2 whip of electrocution (weapon)
 b - a +4 heavy flail
 c - a +4 quarterstaff of chaos
 d - a +0 sling
 r - a +3 flail
 A - a +3 falchion of flaming
 H - a +0 morningstar
Missiles
 w - 5 javelins (quivered)
 F - 2 curare-tipped darts
Armour
 i - a +0 pair of boots (worn)
 l - a +0 cloak (worn)
 t - a +0 buckler (worn)
 x - a +0 chain mail
 z - a +0 plate armour (worn)
 E - a +0 troll leather armour
 K - a +1 leather armour of willpower
Jewellery
 n - a ring of protection from cold (left hand)
Wands
 g - a wand of digging (2)
 m - a wand of mindburst (2)
Scrolls
 h - a scroll of butterflies {unknown}
 j - 3 scrolls of teleportation
 k - 2 scrolls of fog
 o - 2 scrolls of immolation
 p - a scroll of vulnerability
 q - 4 scrolls of poison
 y - a scroll of enchant weapon
 C - 2 scrolls of revelation
 G - 2 scrolls of amnesia {unknown}
 I - a scroll of identify
Potions
 e - 2 potions of heal wounds
 f - a potion of haste
 s - 2 potions of magic {unknown}
 u - 2 potions of cancellation
 v - a potion of berserk rage {unknown}
 B - a potion of curing {unknown}
 D - 2 potions of brilliance
 J - a potion of attraction


   Skills:
 + Level 4.6 Fighting
 - Level 14.0 Maces & Flails
 - Level 1.7 Dodging
 - Level 4.5 Stealth
 + Level 3.4 Shields
 - Level 4.0 Evocations


You had 7 spell levels left.
You knew the following spells:

 Your Spells              Type           Power      Damage    Failure   Level
a - Blink                 Tloc           0%         N/A       100%        2

Your spell library contained the following spells:

 Spells                   Type           Power      Damage    Failure   Level
 Magic Dart               Conj           0%         1d3       100%        1
 Slow                     Hex            0%         N/A       100%        1
 Call Imp                 Summ           0%         N/A       100%        2
 Animate Armour           Summ/Erth      0%         N/A       100%        4
 Flame Wave               Conj/Fire      0%         2d4       100%        4
 Summon Lightning Spire   Summ/Air       0%         N/A       100%        4
 Lee's Rapid Deconstruct  Erth           0%         3d4*      100%        5
 Discord                  Hex            0%         N/A       100%        8


Dungeon Overview and Level Annotations

Branches:
Dungeon (10/15)            Temple (1/1) D:5            Lair (0/5) D:8
    Orc: D:9-12

Shops:
D:4 :

Annotations:
D:8 3 runed translucent doors, Bigguns186's ghost, novice MiFi


Innate Abilities, Weirdness & Mutations

You have an increased reservoir of magic. (+10% MP)
You shall have no god before yourself.
Your divine heritage dramatically boosts your attributes as you level up.


Message History

The vampire mosquito attacks as it pursues you!
You block the vampire mosquito's attack.
The vampire mosquito bites you!
* * * LOW HITPOINT WARNING * * *
The vampire mosquito draws strength from your injuries!
The vampire mosquito bites you.
* * * LOW HITPOINT WARNING * * *
The vampire mosquito draws strength from your injuries!
The vampire mosquito attacks as it pursues you!
You block the vampire mosquito's attack.
The vampire mosquito attacks as it pursues you!
You block the vampire mosquito's attack.
Unknown command.
Unknown command.
The vampire mosquito barely misses you.
Unknown command.
Unknown command.
Aiming: Mindburst
Press: ? - help, Shift-Dir - straight line, f - vampire mosquito
Aim: a vampire mosquito (chance to affect: 79%)
The vampire mosquito barely resists.
The vampire mosquito bites you but does no damage. x2
Unknown command.
Unknown command.
Unknown command.
Aiming: Mindburst
Press: ? - help, Shift-Dir - straight line, f/p - vampire mosquito
Aim: a vampire mosquito (chance to affect: 79%)
The vampire mosquito's mind is blasted!!
The vampire mosquito barely misses you. The vampire mosquito bites you!
* * * LOW HITPOINT WARNING * * *
The vampire mosquito draws strength from your injuries!
Unknown command.
You miss the vampire mosquito.
The vampire mosquito is severely damaged.
The vampire mosquito bites you but does no damage.
You miss the vampire mosquito.
The vampire mosquito is severely damaged.
The vampire mosquito bites you!
You die...

####### ...>..# ......#
########### ......# #..........
......########## #..........
...)...........########.......†..
.[[<..#.......yy@...........≈._.≈
...)..#........########..........
.....[#.....>..# #[.........
.....>####.##### #..........
......# #.# #####.##### .######
#.# #.# .# #.# ##.#####
.#########.###############.......
.................................


You could see 2 vampire mosquitoes.

Vanquished Creatures
  Pikel (D:6)
  Maggie (D:7)
  A kobold demonologist (D:9)
  7 trolls
  A shadow (D:9)
  A wraith (D:8)
  A wyvern (D:7)
  6 yaks
  A steam dragon (D:7)
  4 water moccasins
  A black bear (D:7)
  2 orc warriors
  An ice beast (D:5)
  A sky beast (D:7)
  An ogre (D:7)
  4 centaurs
  2 lemures
  Blork the orc (D:6)
  2 bullfrogs
  2 kobold brigands
  A necrophage (D:7)
  A gnoll sergeant (D:9)
  4 scorpions
  A wyvern zombie (D:7)
  A water moccasin zombie (D:7)
  7 wights
  A howler monkey (D:9)
  A bombardier beetle (D:6)
  2 centaur zombies (D:7)
  A human zombie (D:7)
  An orc priest (D:9)
  5 jellies
  Crazy Yiuf (D:2)
  A gnoll bouda (D:7)
  2 hounds (D:5)
  3 iguanas
  3 sleepcaps
  12 orc wizards
  2 killer bee zombies (D:7)
  A mummy (D:7)
  2 howler monkey zombies (D:7)
  9 adders
  7 gnolls
  A shadow imp (D:7)
  A white imp (D:7)
  4 ufetubi
  2 dart slugs (D:3)
  24 orcs
  8 endoplasms
  5 giant cockroaches
  6 goblins
  3 hobgoblins
  3 jackals (D:1)
  9 kobolds
  2 quokkas
  3 ball pythons
  12 bats
  5 frilled lizards
  4 rats
202 creatures vanquished.

Notes
Turn   | Place    | Note
-------+----------+-------------------------------------------
     0 | D:5      | drugrobin the Demigod Delver began the quest for the Orb.
     0 | D:5      | Reached XP level 1. HP: 18/18 MP: 3/3
    27 | D:5      | Found a staircase to the Ecumenical Temple.
    27 | D:5      | Noticed a hound
    49 | D:4      | Found Ujaet's Book Shoppe.
    75 | D:3      | Reached skill level 2 in Maces & Flails
   246 | D:3      | Reached XP level 2. HP: 12/25 MP: 4/4
   456 | D:2      | Reached skill level 3 in Maces & Flails
   555 | D:1      | Reached XP level 3. HP: 7/30 MP: 5/5
   951 | D:1      | Noticed a felid
   951 | D:1      | Noticed a vine stalker
   953 | D:1      | Noticed a minotaur
   955 | D:1      | Noticed a gargoyle
   955 | D:1      | Noticed an oni
   957 | D:1      | Noticed a ghoul
   959 | D:1      | Noticed a vampire
   959 | D:1      | Noticed a spriggan
   962 | D:1      | Noticed a formicid
   962 | D:1      | Noticed an octopode
   964 | D:1      | Noticed an elf
   964 | D:1      | Noticed a djinni
   966 | D:1      | Noticed a troll
   966 | D:1      | Noticed a merfolk
   968 | D:1      | Noticed an armataur
   968 | D:1      | Noticed a demigod
   970 | D:1      | Noticed a human
   972 | D:1      | Noticed a tengu
   974 | D:1      | Noticed a draconian
   974 | D:1      | Noticed a naga
   976 | D:1      | Noticed a demonspawn
  1269 | D:2      | Found a runed translucent door.
  1270 | D:2      | Noticed Crazy Yiuf
  1998 | D:3      | Reached skill level 4 in Maces & Flails
  2036 | D:3      | Reached XP level 4. HP: 31/37 MP: 6/6
  3106 | D:4      | Reached skill level 5 in Maces & Flails
  3106 | D:4      | Reached XP level 5. HP: 21/42 MP: 7/7
  3959 | D:5      | Noticed a water moccasin
  4004 | D:5      | HP: 2/42 [poisoned by a scorpion]
  4204 | D:5      | Reached skill level 6 in Maces & Flails
  4204 | D:5      | Reached XP level 6. HP: 33/50 MP: 8/8
  4272 | D:6      | Noticed Pikel
  4306 | Temple   | Entered the Ecumenical Temple
  4727 | D:6      | Reached skill level 7 in Maces & Flails
  4974 | D:5      | Reached XP level 7. HP: 25/56 MP: 9/9
  5443 | D:5      | Reached skill level 8 in Maces & Flails
  5898 | D:2      | Killed Crazy Yiuf
  6479 | D:6      | Killed Pikel
  6480 | D:6      | Reached skill level 9 in Maces & Flails
  6480 | D:6      | Reached XP level 8. HP: 36/62 MP: 10/10
  6713 | D:6      | Noticed Blork the orc
  6727 | D:6      | Killed Blork the orc
  7620 | D:7      | Noticed Maggie
  7642 | D:7      | Killed Maggie
  7643 | D:7      | Reached skill level 10 in Maces & Flails
  8050 | D:7      | Reached XP level 9. HP: 66/68 MP: 11/11
  8122 | D:7      | Reached skill level 11 in Maces & Flails
  8639 | D:7      | Got Pimoojy's Guidebook on the Cunning Tropics
  8916 | D:8      | Reached skill level 12 in Maces & Flails
  9367 | D:8      | Found a staircase to the Lair.
  9674 | D:8      | Reached skill level 13 in Maces & Flails
 10070 | D:8      | Found a runed translucent gate.
 10070 | D:8      | Found a runed translucent gate.
 10070 | D:8      | Found a runed translucent gate.
 10071 | D:8      | Noticed Bigguns186's ghost (novice MiFi)
 10471 | D:9      | Noticed a two-headed ogre
 10480 | D:9      | Reached XP level 10. HP: 72/74 MP: 13/13
 11350 | D:8      | Reached skill level 14 in Maces & Flails
 11450 | D:8      | Reached skill level 1 in Shields
 11671 | D:9      | Learned a level 2 spell: Blink
 12580 | D:10     | Entered Level 10 of the Dungeon
 12681 | D:9      | Slain by a vampire mosquito

Illustrated notes

Levels and vault maps discovered:
D:1:      kb_arrival_jail, layout_rooms
D:2:      layout_loops_cross, shapermc_ecumenical_altar_totnotflames,
          minivault_5, minmay_goblin_outpost, uniq_crazy_yiuf_cottage
D:3:      layout_loops_corners, saegor_snake_ambush
D:4:      layout_loops_cross, serial_shops, nicolae_stop_n_shop_2,
          kennysheep_generic_room_13
D:5:      layout_loops_ring, minmay_temple_entry_butterflies,
          nicolae_zen_rock_garden, kennysheep_generic_room_10
D:6:      layout_basic, kennysheep_mini_moat, uniq_blork_the_orc, uniq_pikel
D:7:      layout_loops_ring, lemuel_mausoleum_altar_yredelemnul,
          minmay_crystal_room, grunt_tough_drop, uniq_maggie
D:8:      layout_cave_pods, lair_entry_dummy, ebering_ghost_rock_garden
D:9:      lemuel_troll_bridge, layout_rooms, mainiacjoe_overflow_tiny_flanked,
          mainiacjoe_overflow_concentric_impassable, nicolae_sextant
D:10:     layout_rooms, minitemple, einodemon_armed_red_devil_minivault,
          uniq_grum
Temple:   nicolae_temple_elliptical

Skill      XL: |  1  2  3  4  5  6  7  8  9 10 |
---------------+-------------------------------+-----
Maces & Flails | 2 3 4 5 6 7 9 10 13 14 | 14.0
Evocations     | 3 4 |  4.0
Fighting       | 4 |  4.6
Shields        | 3 |  3.4
Dodging        | |  1.7
Stealth        | |  4.5

Action                     |  1- 3 |  4- 6 |  7- 9 | 10-12 || total
---------------------------+-------+-------+-------+-------++-------
  Melee: Mace              |   132 |       |       |       ||   132
         Punch             |     1 |       |       |       ||     1
         Flail             |    17 |   207 |    61 |       ||   285
         Whip              |       |       |   329 |   187 ||   516
   Fire: Sling             |     2 |       |     7 |     6 ||    15
  Throw: Javelin           |       |     5 |     2 |     7 ||    14
         Dart              |       |       |       |     1 ||     1
  Evoke: Wand              |       |       |     5 |     2 ||     7
    Use: Potion            |       |     5 |     1 |       ||     6
         Scroll            |       |     7 |     2 |       ||     9
   Stab: Sleeping          |     8 |     2 |     2 |       ||    12
 Armour: Leather armour    |    79 |       |       |       ||    79
         Ring mail         |    18 |     8 |       |       ||    26
         Chain mail        |       |   171 |   130 |       ||   301
         Steam dragon scal |       |       |    28 |       ||    28
         Plate armour      |       |       |    55 |   156 ||   211
  Dodge: Dodged            |   117 |    99 |    97 |    50 ||   363
  Block: Buckler           |     4 |    46 |    48 |    46 ||   144

Table legend: (Time is in decaauts)
 A = Elapsed time spent in this place.
 B = Non-inter-level travel time spent in this place.
 C = Inter-level travel time spent in this place.
 D = Time resting spent in this place.
 E = Time spent auto-exploring this place.
 F = Levels seen in this place.
 G = Mean time per level.
                   A        B        C        D        E       F      G
               +--------+--------+--------+--------+--------+-----+--------+
         Total |  12582 |  11927 |    655 |   1874 |   7408 |  11 | 1143.8 |
       Dungeon |  12438 |  11783 |    655 |   1751 |   7408 |  10 | 1243.8 |
        Temple |    144 |    144 |      0 |    123 |      0 |   1 |  144.0 |
               +--------+--------+--------+--------+--------+-----+--------+

Top non-repeatable levels by time:
     D:7: 1791 daAuts
     D:8: 1652 daAuts
     D:9: 1604 daAuts
     D:5: 1516 daAuts
     D:6: 1508 daAuts
     D:2: 1259 daAuts
     D:4: 1238 daAuts
     D:3: 1163 daAuts
     D:1: 614 daAuts
  Temple: 144 daAuts
    D:10: 87 daAuts
